 Dungeon Crawl Stone Soup version 0.31-a0-1-g4198be8af4 (webtiles) character file.

Game seed: 12714786641743110423

10159 jasper the Fighter (level 11, -5/90 HPs)
             Began as a Demonspawn Cinder Acolyte on May 2, 2023.
             Was a Follower of Ignis.
             Hit by a large rock thrown by a cyclops (20 damage)
             ... on level 11 of the Dungeon.
             The game lasted 00:13:02 (10669 turns).

jasper the Fighter (Demonspawn Cinder Acolyte)     Turns: 10669, Time: 00:13:03

Health: -5/90      AC: 15    Str: 16    XL:     11   Next: 32%
Magic:  12/12      EV: 10    Int: 17    God:    Ignis [*.....]
Gold:   235        SH:  5    Dex: 10    Spells: 4/12 levels left

rFire   + +          .
                       - Unarmed
rCold   + + .        (no shield)
rNeg    . . .        l - quicksilver dragon scales
rPois   .            (no helmet)
rElec   .            f - scarf {rC+ rF+}
rCorr   .            (no gloves)
SInv    .            g - +2 pair of boots
Will    +....        I - amulet of reflection Stlth
                     n - ring of protection from cold
HPRegen 0.35/turn    h - +4 ring of slaying
MPRegen 0.13/turn

%: reflection
@: no status effects
A: hooves 2, slimy green scales 2, demonic guardian 2
a: Renounce Religion, Fiery Armour, Foxfire Swarm, Rising Flame


You were on level 11 of the Dungeon.
You worshipped Ignis.
Ignis was aware of your devotion.
You visited 1 branch of the dungeon, and saw 11 of its levels.

You collected 715 gold pieces.
You spent 480 gold pieces at shops.

Inventory:

Missiles
 o - 5 throwing nets
 w - 15 boomerangs (quivered)
Armour
 a - a +0 robe
 d - a +0 leather armour
 f - a scarf of resistance (worn)
 g - a +2 pair of boots (worn)
 i - a +0 plate armour
 l - quicksilver dragon scales (worn)
 A - a +2 robe of willpower
 G - a +1 kite shield
Jewellery
 h - a +4 ring of slaying (right hand)
 k - a +6 ring of strength
 n - a ring of protection from cold (left hand)
 s - a ring of fire
 D - a ring of resist corrosion
 H - an amulet of magic regeneration
 I - an amulet of reflection (around neck)
 J - a ring of magical power
Scrolls
 j - a scroll of immolation
 p - 3 scrolls of enchant weapon
 t - a scroll of teleportation
 u - a scroll of fog
 y - 4 scrolls of fear
 B - 2 scrolls of identify
 E - a scroll of enchant armour
Potions
 b - 5 potions of curing
 c - 3 potions of cancellation
 e - 3 potions of magic
 m - a potion of flight
 r - 3 potions of ambrosia {unknown}
 v - 2 potions of brilliance
 x - 4 potions of mutation {unknown}
 z - a potion of heal wounds {unknown}
 C - a potion of berserk rage {unknown}
 F - a potion of invisibility {unknown}


   Skills:
 - Level 10.0 Fighting
 - Level 2.1 Armour
 - Level 0.8 Dodging
 - Level 10.0 Unarmed Combat
 - Level 1.0 Spellcasting
 + Level 6.9 Transmutations
 - Level 2.6 Fire Magic
 + Level 6.9 Earth Magic


You had 4 spell levels left.
You knew the following spells:

 Your Spells              Type           Power      Damage    Failure   Level
a - Statue Form           Tmut/Erth      16%        N/A       98%         6
b - Wereblood             Tmut           24%        N/A       3%          2

Your spell library contained the following spells:

 Spells                   Type           Power      Damage    Failure   Level
 Beastly Appendage        Tmut           48%        N/A       2%          1
 Scorch                   Fire           18%        2d5       21%         2
 Petrify                  Tmut/Erth      24%        N/A       22%         4
 Spider Form              Tmut/Pois      12%        N/A       28%         3
 Magic Dart               Conj           0%         1d3       36%         1
 Shock                    Conj/Air       0%         1d3       36%         1
 Slow                     Hex            0%         N/A       36%         1
 Summon Small Mammal      Summ           0%         N/A       36%         1
 Call Imp                 Summ           0%         N/A       52%         2
 Ice Form                 Ice/Tmut       12%        N/A       67%         4
 Leda's Liquefaction      Hex/Erth       6%         N/A       67%         4
 Call Canine Familiar     Summ           0%         N/A       75%         3
 Confusing Touch          Hex            0%         N/A       75%         3
 Hailstorm                Conj/Ice       0%         3d3       75%         3
 Mephitic Cloud           Conj/Pois/Air  0%         N/A       75%         3
 Portal Projectile        Hex/Tloc       0%         N/A       75%         3
 Swiftness                Air            0%         N/A       75%         3
 Vampiric Draining        Necr           0%         2d6       75%         3
 Airstrike                Air            0%         2d(0-16)  98%         4
 Blade Hands              Tmut           12%        N/A       54%         5
 Irradiate                Conj/Tmut      6%         3d13      95%         5
 Metabolic Englaciation   Hex/Ice        0%         N/A       100%        5
 Simulacrum               Ice/Necr       0%         N/A       100%        6
 Dragon Form              Tmut           12%        N/A       100%        7


Dungeon Overview and Level Annotations

Branches:
Dungeon (11/15)            Temple (0/1) D:7            Lair (0/5) D:10
    Orc (0/2) D:11

Altars:
Fedhas
Okawaru
Qazlal
Uskayaw
Vehumet
Wu Jian

Shops:
D:5 =   D:8 *

Annotations:
D:8 2 runed translucent doors, 13Fox's ghost, novice NaHu


Innate Abilities, Weirdness & Mutations

You have hoof-like feet.
You are mostly covered in slimy green scales. (AC +3)
A demonic guardian rushes to your aid.


Message History

You barely miss the komodo dragon.
The komodo dragon is severely wounded.
You barely miss the komodo dragon.
The komodo dragon is severely wounded.
The komodo dragon barely misses you.
You punch the komodo dragon!
The komodo dragon is almost dead.
The komodo dragon bites you!!
* * * LOW HITPOINT WARNING * * *
A demonic guardian appears!
You take 23 damage, and have 12/90 hp.
MASSIVE DAMAGE!!
You closely miss the komodo dragon.
The komodo dragon is almost dead.
The komodo dragon closely misses you.
You swap places.
Your hellwing hits the komodo dragon!
The komodo dragon dies!
The cyclops hits your hellwing!
Your hellwing hits the cyclops.
Your hellwing hits the cyclops but does no damage.
Your hellwing hits the cyclops. x2
The cyclops closely misses your hellwing.
Your hellwing hits the cyclops! Your hellwing hits the cyclops.
The cyclops hits your hellwing!!
Your hellwing hits the cyclops.
Your hellwing barely misses the cyclops.
Your hellwing hits the cyclops. x2; The cyclops hits your hellwing!!
Your hellwing dies!
Your hellwing disappears in a puff of smoke!
The cyclops shouts!
Okay, then.
You aren't carrying any items that you can evoke.
Throw: dart (curare)
Press: ? - help, Shift-Dir - straight line, f - cyclops
Aim: a cyclops, quivering large rocks (severely wounded, 88% to hit)
You throw a curare-tipped dart.
The curare-tipped dart hits the cyclops.
The cyclops is poisoned.
The cyclops convulses.
The cyclops seems to slow down.
The cyclops is almost dead.
The cyclops throws a large rock.
The large rock hits you!!
You die...

.............†
........######
......<......#
..##########.# # #.#
##########.#
#........#.#
#.########.....$..#.#
#>..@...§C........#)#
##########........#..
#........###
######!.......###
...............##.
...............##.
..........####.##.
..........# #..##
.......#### ##...


You could see a cyclops (very poisoned, slow).

Vanquished Creatures
  Harold (D:10)
  Erica (D:11)
  2 two-headed ogres
  A manticore (D:11)
  Psyche (D:11)
  A kobold demonologist (D:11)
  A troll (D:10)
  Sigmund (D:2)
  A wyvern (D:7)
  4 yaks (D:11)
  4 vampire mosquitoes (D:11)
  2 wargs (D:10)
  2 ice beasts (D:7)
  5 orc warriors
  An ogre (D:6)
  A phantom (D:6)
  6 centaurs
  A kobold brigand (D:9)
  3 scorpions
  2 gnoll sergeants
  5 wights (D:7)
  5 killer bees
  4 howler monkeys
  A jelly (D:6)
  6 orc priests
  2 hounds (D:5)
  A gnoll bouda (D:4)
  2 sleepcaps (D:4)
  An iguana (D:5)
  Terence (D:3)
  8 orc wizards
  Natasha (thrice) (D:3)
  5 adders
  12 gnolls
  7 white imps
  An ufetubus (D:5)
  2 worms
  7 dart slugs
  30 orcs
  4 bats
  6 endoplasms
  A giant cockroach (D:2)
  6 goblins
  6 hobgoblins
  4 jackals (D:1)
  4 quokkas
  5 ball pythons
  A frilled lizard (D:2)
  7 kobolds
  2 rats (D:1)
190 creatures vanquished.

Vanquished Creatures (collateral kills)
  2 orc knights (D:11)
  A komodo dragon (D:11)
  A shadow (D:11)
  A yak (D:11)
  2 orc warriors
  A centaur (D:11)
  An orc priest (D:10)
  An orc wizard (D:10)
  3 gnolls
  2 orcs
  An endoplasm (D:4)
16 creatures vanquished.

Vanquished Creatures (others)
  An orc wizard (D:3)
  9 fungi
  A plant (D:4)
11 creatures vanquished.

Grand Total: 217 creatures vanquished

Notes
Turn   | Place    | Note
-------+----------+-------------------------------------------
     0 | D:1      | jasper the Demonspawn Cinder Acolyte began the quest for
                  | the Orb.
     0 | D:1      | Reached XP level 1. HP: 18/18 MP: 2/2
   128 | D:1      | Gained mutation: A weak demonic guardian rushes to your
                  | aid. [demonic ancestry]
   128 | D:1      | Reached XP level 2. HP: 16/24 MP: 3/3
   391 | D:1      | Gained mutation: You are partially covered in slimy green
                  | scales. (AC +2) [demonic ancestry]
   391 | D:1      | Reached XP level 3. HP: 29/29 MP: 4/4
   754 | D:1      | Reached skill level 1 in Armour
   952 | D:2      | Noticed Sigmund
   971 | D:2      | Killed Sigmund
   972 | D:2      | Gained mutation: You have large cloven feet. [demonic
                  | ancestry]
   972 | D:2      | Reached XP level 4. HP: 34/37 MP: 5/5
   972 | D:2      | Reached XP level 5. HP: 39/42 MP: 6/6
  1208 | D:2      | Found a faded altar of an unknown god.
  1219 | D:2      | Got Plato's Encyclopedia of Invitation
  1960 | D:3      | Found a blossoming altar of Fedhas.
  2011 | D:3      | Noticed Natasha
  2020 | D:3      | Killed Natasha
  2081 | D:3      | Gained mutation: A demonic guardian rushes to your aid.
                  | [demonic ancestry]
  2081 | D:3      | Reached XP level 6. HP: 32/48 MP: 7/7
  2305 | D:3      | Found a stormy altar of Qazlal.
  2306 | D:3      | Noticed Natasha
  2310 | D:3      | Killed Natasha
  2311 | D:3      | Noticed Terence
  2328 | D:3      | Killed Terence
  2329 | D:3      | Reached skill level 5 in Unarmed Combat
  2352 | D:3      | Noticed Natasha
  2358 | D:3      | Killed Natasha
  2551 | D:3      | Learned a level 6 spell: Statue Form
  2849 | D:4      | Reached skill level 5 in Fighting
  2856 | D:4      | Gained mutation: You have hoof-like feet. [demonic
                  | ancestry]
  2856 | D:4      | Reached XP level 7. HP: 34/56 MP: 8/8
  3057 | D:4      | Found a hide-covered altar of Uskayaw.
  3119 | D:4      | Found a radiant altar of Vehumet.
  3280 | D:4      | Found an iron altar of Okawaru.
  3522 | D:5      | Entered Level 5 of the Dungeon
  3664 | D:5      | Learned a level 2 spell: Wereblood
  3900 | D:5      | Found Vott's Jewellery Shop.
  3966 | D:5      | Found an ornate altar of the Wu Jian Council.
  4440 | D:6      | Gained mutation: You are mostly covered in slimy green
                  | scales. (AC +3) [demonic ancestry]
  4440 | D:6      | Reached XP level 8. HP: 65/65 MP: 9/9
  5698 | D:7      | Found a staircase to the Ecumenical Temple.
  5983 | D:7      | Reached XP level 9. HP: 75/75 MP: 10/10
  6400 | D:8      | Found Quskalaf's Changing Room.
  6417 | D:8      | Bought a book of Transfigurations for 480 gold pieces
  6484 | D:8      | Found a large runed translucent door.
  6484 | D:8      | Found a large runed translucent door.
  6489 | D:8      | Noticed 13Fox's ghost (novice NaHu)
  6781 | D:9      | Noticed a two-headed ogre
  7054 | D:10     | Entered Level 10 of the Dungeon
  7103 | D:10     | Noticed a troll
  7116 | D:10     | Killed a troll
  7590 | D:10     | Noticed a two-headed ogre
  7605 | D:10     | Killed a two-headed ogre
  7872 | D:10     | Found a staircase to the Lair.
  7889 | D:10     | Reached skill level 10 in Fighting
  7913 | D:10     | Reached skill level 10 in Unarmed Combat
  8171 | D:10     | Reached XP level 10. HP: 34/85 MP: 11/11
  8605 | D:10     | Noticed Harold
  8622 | D:10     | Killed Harold
  8884 | D:11     | Noticed Erica
  8895 | D:11     | Killed Erica
  9457 | D:11     | Noticed an orc knight
  9466 | D:11     | Killed an orc knight
  9467 | D:11     | Reached skill level 5 in Transmutations
  9467 | D:11     | Reached skill level 5 in Earth Magic
  9468 | D:11     | Noticed an orc knight
  9471 | D:11     | Killed an orc knight
  9663 | D:11     | Found a staircase to the Orcish Mines.
  9719 | D:11     | Noticed Psyche
  9724 | D:11     | Reached XP level 11. HP: 88/89 MP: 12/12
  9727 | D:11     | Killed Psyche
  9838 | D:11     | Noticed a two-headed ogre
  9848 | D:11     | Killed a two-headed ogre
 10121 | D:11     | Noticed a sun demon
 10669 | D:11     | Hit by a large rock thrown by a cyclops

Illustrated notes

Levels and vault maps discovered:
D:1:      dpeg_arrival_arbitrary_c, layout_basic
D:2:      layout_basic, shapermc_ecumenical_altar_rom_forum,
          hangedman_decor_clover_reticule, uniq_sigmund
D:3:      layout_basic, lemuel_tele_altar, mainiacjoe_overflow_boulevard,
          kennysheep_boxes, uniq_natasha, uniq_terence
D:4:      layout_basic, nicolae_uskayaw_suspiria, fiery_altar_vehumet,
          okawaru_metal_pillars_3, serial_bayou_ford_a, supply_closet_lemuel,
          hangedman_decor_slide_cut, corexii_leaking_fountain
D:5:      layout_basic, nzn_wu_jian_council_hall, minmay_shop_grid_forest,
          minmay_strange_pillars
D:6:      layout_basic, minmay_misc_feat_iff
D:7:      layout_basic, tso_altar, minmay_temple_entry_drinking_statues,
          grunt_decor_arrowhead
D:8:      layout_rooms, ebering_ghost_disaster_area, dreamdust_wishing_well,
          nicolae_transmutations_shop
D:9:      minmay_the_grid_square_5x5_3x3 [minmay_the_grid_square_5x5_tri_point,
          minmay_the_grid_square_5x5_spiral_small,
          minmay_the_grid_square_5x5_forky,
          minmay_the_grid_square_5x5_half_checkered,
          minmay_the_grid_square_5x5_megaprize_hollow,
          minmay_the_grid_square_5x5_detours, minmay_the_grid_square_5x5_two,
          minmay_the_grid_square_5x5_corner,
          minmay_the_grid_square_5x5_hourglass], layout_basic,
          mainiacjoe_overflow_big_doors
D:10:     layout_gridville, erik_lair_orcish_takeover,
          kennysheep_decorative_pillar, uniq_harold
D:11:     layout_basic, david_orc_5, uniq_erica, uniq_psyche

Skill      XL: |  1  2  3  4  5  6  7  8  9 10 11 |
---------------+----------------------------------+-----
Unarmed Combat | 3 4 5 6 8 10 | 10.0
Armour         | 2 |  2.1
Fighting       | 4 5 6 8 10 | 10.0
Transmutations | 5 6 |  6.9
Earth Magic    | 5 6 |  6.9
Dodging        | |  0.8
Spellcasting   | |  1.0
Fire Magic     | |  2.6

Action                     |  1- 3 |  4- 6 |  7- 9 | 10-12 || total
---------------------------+-------+-------+-------+-------++-------
  Melee: Unarmed           |    76 |   133 |   322 |   189 ||   720
         Punch             |     2 |     6 |    17 |    19 ||    44
         Kick              |       |     4 |       |       ||     4
  Throw: Boomerang         |       |       |    15 |    21 ||    36
         Dart              |       |       |     2 |     3 ||     5
         Throwing net      |       |       |     1 |       ||     1
 Invoke: Fiery Armour      |     2 |     3 |     5 |     1 ||    11
    Use: Scroll            |     3 |     4 |     8 |     1 ||    16
         Potion            |       |       |     2 |     1 ||     3
   Stab: Held in net/web   |       |       |     1 |       ||     1
 Armour: Leather armour    |    16 |     4 |       |       ||    20
         Quicksilver drago |       |    58 |   199 |   142 ||   399
         Plate armour      |       |    23 |       |       ||    23
  Dodge: Dodged            |    43 |    56 |   172 |   141 ||   412
  Block: Other             |       |       |       |     5 ||     5

Table legend: (Time is in decaauts)
 A = Elapsed time spent in this place.
 B = Non-inter-level travel time spent in this place.
 C = Inter-level travel time spent in this place.
 D = Time resting spent in this place.
 E = Time spent auto-exploring this place.
 F = Levels seen in this place.
 G = Mean time per level.
                   A        B        C        D        E       F      G
               +--------+--------+--------+--------+--------+-----+--------+
         Total |  10593 |  10298 |    295 |    328 |   8215 |  11 |  963.0 |
       Dungeon |  10593 |  10298 |    295 |    328 |   8215 |  11 |  963.0 |
               +--------+--------+--------+--------+--------+-----+--------+

Top non-repeatable levels by time:
    D:10: 1817 daAuts
    D:11: 1744 daAuts
     D:6: 1225 daAuts
     D:1: 947 daAuts
     D:2: 909 daAuts
     D:4: 895 daAuts
     D:3: 838 daAuts
     D:8: 734 daAuts
     D:7: 727 daAuts
     D:5: 612 daAuts
     D:9: 140 daAuts
